Map: Dusk Towers

Players

NirvanaFox

  • Race: Protoss Protoss
  • League: Gold

capac - Winner!

  • Race: Terran Terran
  • League: Gold

VOD

Have the link to the VOD?

Description

Time

  • Played on: May 7, 2016, 5:35 p.m.
  • Length: 19:01
Show
View Real Time Build Order
Export as new Build Order

NirvanaFox Protoss 

Build Orders: Forge Fast Expand (FFE) 

Get SALT Encoding   

  12  0:01  Probe (Chrono Boost)  
  13  0:11  Probe (Chrono Boost)  
  14  0:18  Pylon  
  14  0:22  Probe (Chrono Boost)  
  15  0:38  Forge  
  15  0:40  Probe (Chrono Boost)  
  16  0:50  Probe (Chrono Boost)  
  17  1:10  Nexus  
  17  1:26  Photon Cannon  
  17  1:31  Pylon  
  17  1:32  Probe (Chrono Boost)  
  18  1:39  Assimilator  
  18  1:42  Probe (Chrono Boost)  
  19  1:50  Gateway  
  19  1:56  Probe (Chrono Boost)  
  20  2:04  Photon Cannon  
  20  2:09  Probe (Chrono Boost)  
  20  2:14  Assimilator  
  21  2:19  Probe (Chrono Boost)  
  22  2:24  Pylon  
  22  2:28  Probe (Chrono Boost)  
  23  2:30  Probe (Chrono Boost)  
  24  2:39  Probe (Chrono Boost)  
  25  2:44  Cybernetics Core  
  25  2:46  Probe (Chrono Boost)  
  26  2:52  Probe (Chrono Boost)  
  26  2:56  Probe (Chrono Boost), Pylon  
  28  3:03  Probe (Chrono Boost)  
  29  3:07  Probe (Chrono Boost)  
  30  3:13  Probe (Chrono Boost)  
  30  3:15  Pylon  
  31  3:20  Stalker (Chrono Boost)  
  31  3:23  Probe  
  31  3:24  Probe  
  35  3:34  Probe  
  35  3:36  Probe  
  35  3:37  Photon Cannon  
  37  3:42  Warp Gate (Chrono Boost)  
  37  3:45  Probe  
  38  3:48  Probe  
  38  3:50  Photon Cannon  
  38  3:55  Probe  
  39  4:00  Twilight Council, Probe  
  41  4:06  Probe, Sentry (Chrono Boost)  
  44  4:10  Assimilator  
  44  4:12  Probe  
  44  4:15  Assimilator  
  44  4:16  Probe  
  45  4:19  Gateway  
  45  4:22  Gateway  
  46  4:26  Robotics Facility  
  46  4:29  Probe  
  46  4:30  Probe  
  48  4:39  Probe  
  48  4:42  Probe  
  48  4:44  Stalker (Chrono Boost)  
  52  4:49  Resonating Glaives (Chrono Boost)  
  52  5:02  Pylon  
  52  5:05  Gateway  
  52  5:06  Gateway  
  52  5:09  Gateway  
  52  5:11  Pylon  
  52  5:14  Pylon  
  52  5:17  Pylon  
  52  5:19  Observer  
  53  5:22  Protoss Ground Weapons Level 1 (Chrono Boost)  
  53  5:46  Immortal  
  57  6:03  Adept x2  
  57  6:04  Adept  
  63  6:07  Adept x3  
  69  6:27  Immortal  
  73  6:41  Nexus  
  73  6:42  Adept  
  73  6:43  Adept x3  
  73  6:44  Pylon, Adept x2  
  73  6:46  Pylon  
  85  6:48  Pylon  
  85  6:57  Robotics Facility  
  85  6:59  Robotics Facility  
  85  7:01  Robotics Facility  
  81  7:35  Immortal  
  81  7:37  Adept x4  
  87  7:38  Adept x2  
  97  7:44  Pylon  
  97  7:53  Pylon  
  97  7:57  Probe, Pylon  
  97  7:58  Probe x2  
  100  8:06  Stalker x2  
  100  8:08  Probe  
  100  8:10  Probe, Protoss Ground Weapons Level 2  
  100  8:11  Probe  
  107  8:13  Templar Archives  
  107  8:19  Probe  
  107  8:23  Probe x2  
  110  8:30  Probe  
  110  8:31  Immortal  
  115  8:44  Photon Cannon  
  115  8:45  Photon Cannon  
  115  8:49  Photon Cannon  
  115  8:52  Photon Cannon  
  115  8:58  Pylon  
  115  8:59  Probe  
  115  9:00  Probe x2  
  118  9:07  Immortal  
  118  9:09  Probe  
  122  9:12  Probe x2  
  122  9:15  High Templar x3  
  122  9:16  High Templar x2  
  122  9:17  High Templar  
  137  9:20  Probe  
  137  9:23  Assimilator  
  138  9:24  Probe  
  138  9:25  Probe, Archon  
  138  9:26  Archon x2  
  138  9:27  Assimilator  
  140  9:32  Immortal  
  144  9:45  Probe, Immortal x2  
  152  9:46  Probe x2  
  155  9:58  Probe  
  156  10:07  High Templar x3  
  158  10:09  High Templar  
  164  10:18  Pylon  
  164  10:20  Archon x2, Pylon  
  164  10:22  Pylon  
  164  10:24  Pylon  
  164  10:28  Protoss Ground Weapons Level 3  
  164  10:31  Pylon  
  164  10:34  Pylon  
  164  10:36  Immortal x2  
  164  10:38  Immortal x2  
  164  10:41  Photon Cannon  
  180  10:45  Photon Cannon  
  180  11:00  Nexus  
  180  11:02  Pylon  
  180  11:05  Pylon  
  180  11:11  Stalker  
  180  11:12  Stalker x2  
  180  11:13  Stalker  
  180  11:15  Stalker  
  180  11:18  Stalker  
  192  11:21  Observer x2  
  183  12:06  High Templar  
  183  12:07  High Templar x3  
  191  12:09  High Templar  
  191  12:14  High Templar  
  195  12:16  Probe x2  
  195  12:17  Probe  
  195  12:18  Probe  
  199  12:22  Archon  
  199  12:23  Archon x2  
  199  12:27  Probe  
  200  12:40  Gateway  
  200  12:42  Gateway  
  200  12:44  Gateway  
  200  12:46  Gateway  
  200  12:50  Protoss Shields Level 1, Gateway  
  200  12:51  Gateway  
  200  12:53  Gateway  
  200  12:56  Gateway  
  138  13:46  Stalker x3  
  138  13:47  Stalker x3  
  150  13:58  Probe x2  
  150  13:59  Probe  
  150  14:00  Probe  
  154  14:04  Assimilator  
  154  14:07  Photon Cannon  
  154  14:08  Assimilator  
  154  14:09  Probe x2  
  154  14:11  Probe, Photon Cannon  
  154  14:12  Probe  
  154  14:15  Stalker  
  154  14:16  Stalker  
  162  14:17  Stalker x2  
  162  14:18  Stalker x4  
  162  14:19  Stalker x3  
  162  14:20  Stalker  
  162  14:21  Stalker  
  162  14:22  Stalker  
  162  14:23  Nexus  
  186  14:27  Pylon  
  186  14:28  Blink (Chrono Boost)  
  186  14:30  Pylon  
  186  14:59  Stalker  
  188  15:00  Stalker  
  188  15:01  Stalker  
  188  15:02  Stalker  
  188  15:03  Stalker  
  188  15:04  Stalker x2  
  200  15:10  Nexus  
  200  15:11  Pylon  
  200  15:14  Pylon  
  200  15:29  Protoss Shields Level 2  
  132  16:46  Stalker x2  
  136  16:47  Stalker x2  
  136  16:48  Stalker x2  
  136  16:49  Stalker x3  
  136  16:50  Stalker x3  
  136  16:51  Stalker x2  
  160  17:10  Stargate  
  160  17:12  Stargate  
  160  17:14  Stargate  
  160  17:17  Stargate  
  160  17:21  Stargate, Stalker x4  
  160  17:22  Stalker x3  
  174  17:23  Stalker x2  
  174  17:24  Stalker x3  
  174  17:25  Stargate, Stalker x2  
  96  18:04  Zealot x2  
  96  18:05  Zealot x3  
  78  18:06  Zealot x2  
  78  18:07  Zealot x2  
  78  18:08  Zealot x3  
  78  18:09  Zealot x2  
  78  18:11  Immortal x3  
  78  18:12  Immortal  
  77  18:36  Zealot  
  77  18:37  Zealot  
Show
View Real Time Build Order
Export as new Build Order

capac Terran - Winner!

Build Orders: Reaper Expand, MMM Bio 

Get SALT Encoding   

  12  0:00  SCV  
  13  0:13  SCV  
  14  0:18  Supply Depot  
  14  0:25  SCV  
  15  0:40  SCV  
  15  0:41  Barracks  
  16  0:45  Refinery  
  16  0:52  SCV  
  17  1:04  SCV  
  18  1:16  SCV  
  19  1:28  Orbital Command  
  19  1:30  Reaper  
  20  1:42  Command Center  
  21  1:54  Supply Depot, SCV  
  21  2:04  Marine  
  22  2:10  Factory  
  22  2:13  SCV  
  23  2:17  Refinery  
  23  2:22  Barracks  
  23  2:25  Barracks Reactor  
  23  2:27  SCV  
  23  2:45  SCV  
  24  2:56  Factory Tech Lab  
  25  3:00  Starport  
  25  3:02  SCV  
  25  3:10  Orbital Command  
  25  3:11  Barracks Tech Lab  
  25  3:13  Barracks Tech Lab  
  25  3:17  Barracks  
  25  3:19  SCV  
  26  3:25  Siege Tank  
  29  3:28  Marine x2  
  29  3:34  SCV  
  32  3:35  Marine  
  32  3:40  Supply Depot  
  33  3:45  Medivac  
  35  3:51  SCV  
  35  3:52  SCV  
  37  3:57  Marine x2  
  39  4:08  Marine, Barracks Reactor  
  40  4:11  Stimpack  
  40  4:14  SCV x2  
  42  4:20  Marine x2  
  42  4:22  Refinery  
  44  4:27  Starport Reactor, SCV x2  
  46  4:31  Marine  
  46  4:37  Marine  
  46  4:38  Supply Depot, Marine  
  49  4:45  SCV  
  49  4:46  SCV  
  49  4:49  Refinery  
  49  4:50  Marine x2  
  49  4:51  Marine  
  54  5:00  Marine x2, Siege Tank, SCV  
  54  5:01  SCV  
  54  5:05  Supply Depot  
  61  5:16  SCV  
  61  5:20  SCV  
  63  5:23  Engineering Bay x2  
  63  5:29  Medivac x2  
  63  5:31  Marine x4  
  63  5:33  Marine  
  72  5:39  Siege Tank  
  75  5:43  SCV x2  
  77  5:51  Supply Depot  
  77  5:56  Supply Depot  
  77  5:59  SCV  
  78  6:13  Marine x4, SCV  
  83  6:22  Marine  
  84  6:27  SCV x2  
  84  6:30  Marine x4, Command Center  
  90  6:33  Combat Shields  
  90  6:39  Terran Infantry Weapons Level 1, Terran Infantry Armor Level 1  
  90  6:43  Supply Depot  
  90  6:45  SCV x2  
  90  6:46  Marine  
  91  7:13  Marine x5  
  82  7:31  Marine  
  82  7:32  Marine x4  
  82  7:34  Siege Tank  
  90  7:41  Supply Depot  
  90  7:43  Orbital Command  
  90  7:45  Armory  
  90  7:46  Liberator x2  
  90  7:47  Supply Depot  
  90  7:49  Marine x5  
  101  8:07  Marine x4  
  101  8:11  Siege Tank  
  108  8:19  Marine  
  109  8:22  Supply Depot  
  109  8:29  Liberator x2  
  109  8:36  Orbital Command  
  109  8:48  SCV x2  
  117  8:50  Marine  
  117  8:51  Marine x4  
  122  8:58  Supply Depot  
  122  9:00  SCV  
  123  9:06  Starport  
  123  9:07  Barracks  
  123  9:08  Terran Infantry Weapons Level 2, Barracks  
  123  9:09  Terran Infantry Armor Level 2  
  123  9:10  Barracks  
  123  9:11  Marine  
  123  9:14  Liberator  
  124  9:17  Liberator  
  124  9:23  SCV x2  
  126  9:25  SCV  
  126  9:30  Supply Depot  
  127  9:35  SCV  
  134  9:46  Starport Reactor  
  134  9:53  Supply Depot  
  134  10:09  Marine x2  
  134  10:10  Marine x2  
  134  10:11  Barracks Reactor x3  
  134  10:12  SCV  
  134  10:13  SCV x2  
  141  10:15  Refinery  
  141  10:16  Liberator  
  141  10:17  Refinery  
  141  10:20  Supply Depot, Terran Ship Weapons Level 1  
  141  10:22  Armory  
  141  10:24  SCV  
  141  10:25  SCV x2  
  141  10:27  Barracks, Liberator x2  
  144  10:30  Marine x2  
  144  10:31  Marine x3  
  152  10:37  SCV x2  
  154  10:48  Supply Depot  
  160  10:53  Medivac  
  162  10:57  Concussive Shells  
  162  11:07  SCV x2  
  164  11:13  Supply Depot  
  164  11:24  Liberator  
  164  11:25  Liberator x3  
  151  11:32  Marine x2  
  150  11:33  Marine x3  
  150  11:39  Marine x2  
  154  11:40  Marine x2  
  154  11:45  Marine  
  166  11:52  Command Center  
  166  11:57  Terran Infantry Weapons Level 3  
  166  12:00  Terran Infantry Armor Level 3  
  166  12:06  Barracks Reactor  
  166  12:09  Barracks Tech Lab  
  166  12:15  Terran Ship Weapons Level 2  
  166  12:18  Terran Vehicle And Ship Armor Level 1  
  166  12:20  Supply Depot  
  166  12:21  Supply Depot  
  166  12:28  Medivac x3  
  172  12:40  Medivac  
  172  12:41  Marauder  
  172  12:42  Marauder  
  178  12:54  Liberator, Missile Turret  
  178  12:58  Medivac  
  180  13:03  Marauder x2  
  184  13:08  Missile Turret  
  130  13:41  Marine x5  
  125  13:42  Marine x7  
  137  13:59  Marine x12  
  149  14:12  Command Center  
  149  14:16  Marine  
  150  14:17  Marine  
  151  14:25  Marine x6  
  151  14:26  Marine x4  
  161  14:34  Marine  
  161  14:35  Marine  
  163  14:40  Building Armor  
  163  14:42  Supply Depot  
  163  14:43  Marine x2  
  165  14:54  Marauder x2  
  169  15:08  Marine  
  170  15:20  Marine  
  170  15:21  Marine x7  
  171  15:24  Marauder x2  
  182  15:28  Missile Turret  
  182  15:33  Missile Turret  
  182  15:55  Marine  
  182  15:56  Marine x9  
  192  15:58  Marauder x2  
  192  16:02  Refinery  
  178  16:20  Marine  
  178  16:21  Marine x10  
  181  16:35  Marine  
  181  16:38  Marine x5  
  181  16:39  Marine x3  
  189  16:42  Planetary Fortress  
  189  17:10  Liberator x2  
  189  17:19  Refinery  
  189  17:23  Command Center  
  195  17:47  Liberator  
  195  17:48  Liberator  
  175  17:53  Liberator  
Tags
 
Add a new tag
Caveats
  • Supply blocks, unpowered buildings, or Contaminate may cause inaccurate times.
  • Supply counts are checked every 10 seconds.